 Dungeon Crawl Stone Soup version 0.19-a0-1008-g4c63d25 (webtiles) character file.

697 ololoev the Conjurer (level 7, 4/36 HPs)
             Began as a Deep Elf Fire Elementalist on July 22, 2016.
             Was a Follower of Vehumet.
             Quit the game on level 7 of the Dungeon.
             The game lasted 00:10:14 (1170 turns).

ololoev the Conjurer (Deep Elf Fire Elementalist)   Turns: 1170, Time: 00:10:14

Health: 4/36       AC:  4    Str:  5    XL:     7   Next: 38%
Magic:  0/17       EV: 13    Int: 22    God:    Vehumet [*.....]
Gold:   178        SH:  0    Dex: 15    Spells: 5 memorised, 1 level left

rFire  . . .     SeeInvis .     h - +0 dagger
rCold  . . .     Gourm    .     a - +0 robe
rNeg   . . .     Faith    .     (no shield)
rPois  .         Spirit   .     (no helmet)
rElec  .         Dismiss  .     (no cloak)
rCorr  .         Reflect  .     f - +1 pair of gloves
SustAt .         Harm     .     (no boots)
MR     .....                    (no amulet)
Stlth  ++........               (no ring)
                                (no ring)

@: lethally poisoned (4 -> -3), not resistant to hostile enchantments,
unstealthy
A: no striking features
a: Renounce Religion

Inventory:

Hand Weapons
 h - a +0 dagger (weapon)
Armour
 a - a +0 robe (worn)
 f - a +1 pair of gloves (worn)
Scrolls
 d - 4 scrolls of remove curse {unknown}
 g - a scroll of fear {unknown}
 j - a scroll of fog {unknown}
 k - a scroll of noise {unknown}
 o - a scroll of teleportation {unknown}
 t - a scroll of recharging {unknown}
Potions
 e - a potion of haste {unknown}
 i - a potion of curing {unknown}
 l - a potion of ambrosia {unknown}
 m - 2 potions of degeneration {unknown}
 n - a potion of cure mutation {unknown}
 p - 2 potions of might {unknown}
 s - a potion of berserk rage {unknown}
Books
 b - a book of Flames

   Spells                             Type                      Level
   a - Flame Tongue                   Conjuration/Fire             1
   b - Throw Flame                    Conjuration/Fire             2
   c - Conjure Flame                  Conjuration/Fire             3
   d - Inner Flame                    Hexes/Fire                   3
   e - Sticky Flame                   Conjuration/Fire             4
   f - Fireball                       Conjuration/Fire             5
Comestibles
 c - 3 bread rations
 q - a beef jerky
 r - 3 chunks of flesh


   Skills:
 - Level 2.4 Dodging
 - Level 2.4 Stealth
 + Level 5.8 Spellcasting
 * Level 6.2 Conjurations
 + Level 5.7 Fire Magic


You had one spell level left.
You knew the following spells:

 Your Spells              Type           Power        Failure   Level  Hunger
a - Flame Tongue          Conj/Fire      ####.        1%          1    None
b - Conjure Flame         Conj/Fire      ####....     2%          3    ##.....
c - Sticky Flame          Conj/Fire      ####....     12%         4    ####...
d - Inner Flame           Hex/Fire       ###.....     12%         3    ##.....
e - Fireball              Conj/Fire      ####......   28%         5    #####..


You were on level 7 of the Dungeon.
You worshipped Vehumet.
Vehumet was aware of your devotion.
You were very hungry.

You visited 1 branch of the dungeon, and saw 8 of its levels.

You collected 178 gold pieces.

................##.#
#...............# #
#...............#
#...............#......
#..............#.....
#..............#....#
#...........####....#
#...........# ....#
######...##@####....#
#.......saa..#....#
#......##...)oo.o.#
#.......#.##.#o...#
#.......#.##.#....#
#......a..##.#....#
#.(....#..##.+....+
#......#..####....#
#.s....##># #####

Notes
Turn   | Place    | Note
-------+----------+-------------------------------------------
     0 | D:1      | ololoev the Deep Elf Fire Elementalist began the quest for the Orb.
     0 | D:1      | Reached XP level 1. HP: 10/10 MP: 6/6
   109 | D:1      | Reached XP level 2. HP: 12/15 MP: 4/8
   166 | D:1      | Reached skill level 2 in Conjurations
   208 | D:1      | You fall through a shaft!
   212 | D:2      | Found an oddly glowing altar of Pakellas.
   254 | D:3      | Found a white marble altar of Elyvilon.
   254 | D:3      | Found an iron altar of Okawaru.
   254 | D:3      | Found a radiant altar of Vehumet.
   261 | D:3      | Became a worshipper of Vehumet
   299 | D:3      | Found a shattered altar of Ashenzari.
   299 | D:3      | Found a burning altar of Makhleb.
   301 | D:3      | Found an opulent altar of Gozag.
   346 | D:3      | Noticed Jessica
   347 | D:3      | Killed Jessica
   347 | D:3      | Reached XP level 3. HP: 19/19 MP: 10/10
   444 | D:3      | Reached skill level 3 in Conjurations
   521 | D:4      | Reached XP level 4. HP: 24/24 MP: 2/11
   539 | D:4      | Learned a level 3 spell: Conjure Flame
   592 | D:3      | Reached XP level 5. HP: 28/28 MP: 4/13
   602 | D:3      | Learned a level 4 spell: Sticky Flame
   644 | D:4      | Reached skill level 4 in Conjurations
   728 | D:4      | Reached * piety under Vehumet
   728 | D:4      | Offered knowledge of Sandblast by Vehumet.
   836 | D:5      | Entered Level 5 of the Dungeon
   938 | D:6      | Noticed an ogre
   945 | D:6      | Killed an ogre
   945 | D:6      | Reached skill level 5 in Fire Magic
   945 | D:6      | Reached XP level 6. HP: 13/32 MP: 5/15
   996 | D:6      | Reached skill level 5 in Conjurations
  1002 | D:6      | Noticed an orc warrior
  1009 | D:6      | Learned a level 3 spell: Inner Flame
  1019 | D:6      | Killed an orc warrior
  1019 | D:6      | Reached skill level 5 in Spellcasting
  1067 | D:7      | Reached XP level 7. HP: 20/36 MP: 2/17
  1130 | D:7      | Noticed a steam dragon
  1139 | D:7      | Learned a level 5 spell: Fireball
  1143 | D:7      | Killed a steam dragon
  1143 | D:7      | Reached skill level 6 in Conjurations
  1170 | D:7      | Quit the game

Dungeon Overview and Level Annotations

Branches:
Dungeon (8/15)
 Temple: D:4-7         Lair: D:8-11

Altars:
Ashenzari
Elyvilon
Gozag
Makhleb
Okawaru
Pakellas
Vehumet


Message History

The steam dragon is almost dead.
The fireball engulfs the giant gecko.
You kill the giant gecko!
Vehumet accepts your kill.
You feel your power returning.
Unknown command.
Unknown command.
Casting: Fireball
Confirm with . or Enter, or press ? or * to list all spells.
Aiming: Flame Tongue
Press: ? - help, Shift-Dir - straight line, f - steam dragon
Aim: a steam dragon (almost dead)
The flame tongue hits the steam dragon.
You kill the steam dragon!
Vehumet accepts your kill.
You feel your power returning.
Your Conjurations skill increases to level 6!
Found a stone staircase leading down.
A worker ant comes into view.
You see here a steam dragon corpse.
You butcher the steam dragon corpse.
You see here a chunk of flesh.
r - 3 chunks of flesh (gained 1)
A giant cockroach comes into view.
Casting: Flame Tongue
Confirm with . or Enter, or press ? or * to list all spells.
You can't see any susceptible monsters within range! (Use Z to cast anyway.) Unknown command.
As you open the door, it creaks loudly!
A worker ant comes into view.
You hear a shout!
The worker ant twitches its antennae in your direction.
You hear a shout! x3 2 orcs, an orc priest and 2 orc wizards come into view.
The orc wizard shouts! x2
The orc wizard gestures wildly while chanting.
The orc wizard blinks!
There is an open door here.
The orc wizard casts a spell at you. The magic dart hits you!
You see here a glowing scimitar.
Casting: Flame Tongue
Confirm with . or Enter, or press ? or * to list all spells.
Aiming: Fireball
Press: ? - help, Shift-Dir - straight line, f - orc priest
Aim: an orc priest The fireball explodes!
The fireball engulfs the orc priest.
The orc priest is severely wounded.
The fireball engulfs the worker ant.
The worker ant is lightly wounded.
The fireball engulfs the orc wizard.
The orc wizard is almost dead.
You are feeling very hungry.
You hear an angry hiss.
The orc priest invokes the aid of Beogh against you.
Beogh smites you!
Unknown command.
Casting: Fireball
Confirm with . or Enter, or press ? or * to list all spells.
Aiming: Flame Tongue
Press: ? - help, Shift-Dir - straight line, f/p - orc priest
Aim: an orc priest (severely wounded)
The flame tongue hits the worker ant.
The worker ant is severely wounded.
The worker ant completely misses you. The worker ant barely misses you.
Unknown command.
Unknown command.
You aren't carrying any items that you can evoke.
Unknown command.
The worker ant misses you.
Unknown command.
Unknown command.
The worker ant bites you!
The orc priest calls upon Beogh to heal the orc wizard.
The orc wizard is healed somewhat.
The orc wizard casts a spell.
The orc wizard seems to speed up.
The worker ant bites you!
You are lethally poisoned!
The worker ant poisons you!
Are you sure you want to abandon this character and quit the game? (Confirm with "yes".)

You could see 2 worker ants, an orc priest, 2 orc wizards, an orc and a giant cockroach.

Vanquished Creatures
  A steam dragon (D:7)
  An ogre (D:6)
  An orc warrior (D:6)
  A giant frog (D:7)
  A howler monkey (D:4)
  A centaur zombie (D:6)
  2 jellies
  Jessica (D:3)
  2 worker ants
  3 gnolls (D:4)
  3 adders
  2 adder zombies
  An adder skeleton (D:4)
  A worm (D:3)
  2 dart slugs
  2 giant geckos
  4 orcs
  3 giant cockroaches
  2 goblins
  4 hobgoblins (D:1)
  3 jackals (D:4)
  A quokka (D:2)
  4 giant newts
  A jackal skeleton (D:4)
  3 kobolds
  6 rats
56 creatures vanquished.

Action                   |  1- 3 |  4- 6 |  7- 9 || total
-------------------------+-------+-------+-------++-------
Melee: Unarmed           |     1 |       |       ||     1
       Dagger            |     8 |    27 |       ||    35
 Cast: Flame Tongue      |    37 |    39 |     5 ||    81
       Conjure Flame     |       |     5 |       ||     5
       Sticky Flame      |       |     2 |       ||     2
       Inner Flame       |       |     1 |       ||     1
       Fireball          |       |       |     3 ||     3
Evoke: Wand              |     1 |     2 |       ||     3
 Stab: Sleeping          |     1 |       |       ||     1
  Eat: Chunk             |       |     1 |       ||     1
Armor: Robe              |     2 |    11 |       ||    13
Dodge: Dodged            |    14 |    23 |     3 ||    40

Vault maps used:
D:1:      tarquinn_simple_flora_water_d, minmay_heptomino_w4
D:2:      dancing_weapons_uskayaw, lemuel_round_altar,
          nicolae_overflow_quartered_altars, first_bread
D:3:      nicolae_overflow_hidden_temple, grunt_temple_overflow_open,
          uniq_jessica
D:5:      grunt_pakellas_sulfur
D:7:      serial_glass, glass_columns_b, glass_columns_a, hex_large
D:8:      nicolae_ru_sacrificial_ziggurat, hangedman_ranch,
          lemuel_mausoleum_altar_kikubaaqudgha
